General information
			
			
        
        - name: BNet
 
        - type: Ladder team game (AT/RT)
 
        - host: Battle.net
 
        - saver: TIMG4STRok
 
        
map: Goldshire 
        - players: 4
 
        - length: 29:31
 
        - speed: Fast
 - version: 1.21 W3XP
 - replay type:  

 
» download(166 KB)
Players
        team 1 (loser) 
              
              
Re]moSaic (
yellow | 125 APM | 3681 actions | 29:30)
              
 2 Blademaster 
 1 Wind Walk
 1 Mirror Image
 1 Shadow Hunter 
 1 Healing Wave
 
                » actions 
                
                | Assign group hotkey | 143 |  | 
| Basic commands | 8 |  | 
| Build / train | 34 |  | 
| Enter build submenu | 9 |  | 
| Enter hero's abilities submenu | 3 |  | 
| Give item / drop item | 3 |  | 
| Right click | 2504 |  | 
| Select / deselect | 544 |  | 
| Select group hotkey | 285 |  | 
| Use ability | 146 |  | 
                3681 total
 » units 
                
                | Peon | 7 |  | 
| Grunt | 5 |  | 
| Raider | 3 |  | 
| Spirit Walker | 1 |  | 
                16 total
 » upgrades
                » buildings
                
                | Altar of Storms | 1 |  | 
| Orc Burrow | 4 |  | 
| Barracks | 1 |  | 
| Voodoo Lounge | 1 |  | 
| Stronghold | 1 |  | 
| Beastiary | 1 |  | 
| Spirit Lodge | 1 |  | 
                10 total
 » build order
                00:03 Altar of Storms
00:17 Orc Burrow
00:36 Barracks
01:32 Orc Burrow
02:04 Voodoo Lounge
03:16 Stronghold
04:18 Orc Burrow
05:38 Beastiary
05:42 Spirit Lodge
07:34 Orc Burrow
» items
                
                | Healing Salve | 4 |  | 
| Lesser Clarity Potion | 4 |  | 
| Scroll of Speed | 2 |  | 
                10 total
  
               
              
              
TOWER-CRAFT (
blue | 71 APM | 2077 actions | 29:26)
              
 6 Blademaster 
 2 Wind Walk
 3 Critical Strike
 1 Bladestorm
 
                » actions 
                
                | Assign group hotkey | 25 |  | 
| Build / train | 112 |  | 
| Enter build submenu | 29 |  | 
| Enter hero's abilities submenu | 6 |  | 
| Give item / drop item | 3 |  | 
| Right click | 922 |  | 
| Select / deselect | 397 |  | 
| Select group hotkey | 427 |  | 
| Use ability | 156 |  | 
                2077 total
 » units 
                
                | Peon | 36 |  | 
| Troll Batrider | 10 |  | 
| Wind Rider | 6 |  | 
| Raider | 4 |  | 
                56 total
 » upgrades
                
                | Armor | 3 |  | 
| Liquid Fire | 1 |  | 
| Reinforced Defenses | 1 |  | 
| Backpack | 1 |  | 
| Envenomed Spears | 1 |  | 
| Ranged Weapons | 2 |  | 
| Ensnare | 1 |  | 
| Pillage | 1 |  | 
                11 total
 » buildings
                
                | Altar of Storms | 2 |  | 
| Orc Burrow | 9 |  | 
| Voodoo Lounge | 2 |  | 
| Stronghold | 1 |  | 
| War Mill | 1 |  | 
| Beastiary | 4 |  | 
| Fortress | 1 |  | 
| Watch Tower | 6 |  | 
| Barracks | 1 |  | 
                27 total
 » build order
                00:04 Altar of Storms
00:05 Orc Burrow
01:01 Voodoo Lounge
02:09 Orc Burrow
02:24 Stronghold
03:08 War Mill
04:44 Orc Burrow
04:46 Beastiary
04:48 Beastiary
04:56 Fortress
05:47 Orc Burrow
11:06 Watch Tower
11:08 Watch Tower
15:04 Watch Tower
15:05 Watch Tower
15:49 Watch Tower
16:16 Orc Burrow
23:20 Barracks
24:01 Orc Burrow
24:39 Orc Burrow
26:38 Altar of Storms
26:54 Orc Burrow
27:22 Voodoo Lounge
28:04 Beastiary
28:33 Orc Burrow
28:39 Watch Tower
28:56 Beastiary
» items
                
                | Healing Salve | 5 |  | 
| Lesser Clarity Potion | 9 |  | 
| Scroll of Speed | 2 |  | 
| Potion of Healing | 10 |  | 
| Boots of Speed | 1 |  | 
| Orb of Lightning | 1 |  | 
| Tiny Great Hall | 2 |  | 
| Potion of Lesser Invulnerability | 2 |  | 
| Staff of Teleportation | 2 |  | 
| Potion of Mana | 2 |  | 
                36 total
  
               team 2 (winner) 
              
              
» 
iggy_the_fisk (
orange | 70 APM | 2063 actions | 29:30)
              
 3 Death Knight 
 2 Death Coil
 1 Unholy Aura
 
                » actions 
                
                | Assign group hotkey | 114 |  | 
| Basic commands | 2 |  | 
| Build / train | 42 |  | 
| Enter build submenu | 13 |  | 
| Enter hero's abilities submenu | 3 |  | 
| Right click | 1427 |  | 
| Select / deselect | 337 |  | 
| Select group hotkey | 45 |  | 
| Use ability | 80 |  | 
                2063 total
 » units 
                
                | Acolyte | 10 |  | 
| Ghoul | 1 |  | 
| Crypt Fiend | 10 |  | 
                21 total
 » upgrades
                » buildings
                
                | Crypt | 1 |  | 
| Graveyard | 1 |  | 
| Altar of Darkness | 2 |  | 
| Ziggurat | 4 |  | 
| Tomb of Relics | 1 |  | 
| Nerubian Tower | 2 |  | 
| Halls of the Dead | 5 |  | 
| Necropolis | 1 |  | 
                17 total
 » build order
                00:05 Crypt
00:19 Graveyard
00:42 Altar of Darkness
00:59 Ziggurat
01:24 Tomb of Relics
01:52 Nerubian Tower
02:12 Ziggurat
04:34 Ziggurat
05:26 Nerubian Tower
05:54 Halls of the Dead
05:55 Halls of the Dead
05:55 Halls of the Dead
05:55 Halls of the Dead
12:25 Necropolis
14:41 Altar of Darkness
15:06 Ziggurat
» items
                
                | Rod of Necromancy | 1 |  | 
| Dust of Appearance | 1 |  | 
| Potion of Mana | 2 |  | 
                4 total
  
               
              
              
» 
TIMG4STRok (
green | 126 APM | 3720 actions | 29:31)
              
 7 Tauren Chieftain 
 3 Shockwave
 3 Endurance Aura
 1 Reincarnation
 5 Shadow Hunter 
 3 Hex
 2 Healing Wave
 
                » actions 
                
                | Assign group hotkey | 44 |  | 
| Basic commands | 52 |  | 
| Build / train | 76 |  | 
| ESC pressed | 4 |  | 
| Enter build submenu | 39 |  | 
| Enter hero's abilities submenu | 14 |  | 
| Right click | 1721 |  | 
| Select / deselect | 315 |  | 
| Select group hotkey | 1264 |  | 
| Use ability | 191 |  | 
                3720 total
 » units 
                
                | Peon | 8 |  | 
| Grunt | 6 |  | 
| Raider | 4 |  | 
| Troll Batrider | 18 |  | 
| Demolisher | 9 |  | 
| Troll Witch Doctor | 1 |  | 
                46 total
 » upgrades
                
                | Berserker Strength | 1 |  | 
| Ensnare | 1 |  | 
| Burning Oil | 1 |  | 
| Pillage | 1 |  | 
| Reinforced Defenses | 1 |  | 
| Witch Doctor Training | 1 |  | 
                6 total
 » buildings
                
                | Altar of Storms | 1 |  | 
| Orc Burrow | 4 |  | 
| Barracks | 1 |  | 
| Stronghold | 1 |  | 
| Voodoo Lounge | 3 |  | 
| War Mill | 1 |  | 
| Beastiary | 1 |  | 
| Watch Tower | 22 |  | 
| Fortress | 1 |  | 
| Spirit Lodge | 1 |  | 
                36 total
 » build order
                00:06 Altar of Storms
00:18 Orc Burrow
00:35 Barracks
01:30 Orc Burrow
02:37 Stronghold
04:05 Voodoo Lounge
04:07 War Mill
04:18 Orc Burrow
05:42 Beastiary
05:48 Watch Tower
05:55 Watch Tower
06:57 Watch Tower
07:05 Watch Tower
07:19 Orc Burrow
09:24 Watch Tower
09:26 Watch Tower
09:28 Watch Tower
09:32 Watch Tower
13:01 Fortress
13:42 Watch Tower
13:56 Voodoo Lounge
14:59 Watch Tower
15:14 Watch Tower
17:43 Watch Tower
17:44 Watch Tower
17:44 Watch Tower
19:30 Spirit Lodge
20:42 Watch Tower
20:42 Watch Tower
20:43 Watch Tower
22:33 Voodoo Lounge
22:34 Watch Tower
22:35 Watch Tower
24:02 Watch Tower
24:02 Watch Tower
27:12 Watch Tower
» items
                
                | Dust of Appearance | 1 |  | 
| Healing Salve | 2 |  | 
| Scroll of Town Portal | 2 |  | 
| Lesser Clarity Potion | 2 |  | 
| Orb of Lightning | 1 |  | 
                8 total
  
                Chat log
          
(23:34 / Allies) iggy_the_fisk: 100 gol
(28:16 / All) TOWER-CRAFT: gg
(28:20 / All) TIMG4STRok: g
(28:21 / All) TOWER-CRAFT: u guys win
(28:25 / All) TOWER-CRAFT: expo?
(29:28 / All) TIMG4STRok: gg